 Dungeon Crawl Stone Soup version 0.30-a0-743-gbfdf073431 (webtiles) character file.

Game seed: 17515547403816105043

182 boo the Slasher (level 5, -4/41 HPs)
             Began as a Merfolk Gladiator on Feb 6, 2023.
             Slain by an orc warrior
             ... wielding a +0 trident
              (6 damage)
             ... on level 4 of the Dungeon.
             The game lasted 00:03:43 (2682 turns).

boo the Slasher (Merfolk Gladiator)                 Turns: 2682, Time: 00:03:44

Health: -4/41      AC:  8    Str: 17    XL:     5   Next: 61%
Magic:  5/5        EV: 13    Int: 18    God:
Gold:   207        SH:  0    Dex: 15    Spells: 4/4 levels left

rFire   . . .      SeeInvis .    a - +0 long sword
rCold   . . .      Faith    .    (no shield)
rNeg    . . .      Spirit   .    g - +1 ring mail "Doloerheylo" {-Tele rPois Int+5 Slay+5}
rPois   +          Reflect  .    c - +0 helmet
rElec   .          Harm     .    (no cloak)
rCorr   +          Rampage  .    m - +0 pair of gloves
Will    .....      NoTele   +    (no boots)
Stlth   +                        (no amulet)
HPRegen 0.26/turn                q - ring of resist corrosion
MPRegen 0.09/turn                j - +6 ring of intelligence

@: no status effects
A: (nimble swimmer 2), mertail
a: no special abilities


You were on level 4 of the Dungeon.
You visited 1 branch of the dungeon, and saw 4 of its levels.

You collected 207 gold pieces.

Inventory:

Hand Weapons
 a - a +0 long sword (weapon)
Missiles
 d - 3 throwing nets (quivered)
 e - a javelin
Armour
 b - a +0 leather armour
 c - a +0 helmet (worn)
 g - the +1 ring mail "Doloerheylo" (worn) {-Tele rPois Int+5 Slay+5}
   (You found it on level 1 of the Dungeon)

   Int:       It affects your intelligence (+5).
   Slay:      It affects your accuracy & damage with ranged weapons and melee
   (+5).
   rPois:     It protects you from poison.
   -Tele:     It prevents most forms of teleportation.
 m - a +0 pair of gloves (worn)
Jewellery
 f - an amulet of magic regeneration
 j - a +6 ring of intelligence (right hand)
 q - a ring of resist corrosion (left hand)
Scrolls
 l - a scroll of teleportation
 r - a scroll of blinking {unknown}
 t - a scroll of brand weapon {unknown}
 u - a scroll of acquirement {unknown}
Potions
 h - 5 potions of attraction
 i - 3 potions of heal wounds
 k - 3 potions of lignification {unknown}
 o - 4 potions of degeneration {unknown}
 p - a potion of cancellation {unknown}
 s - a potion of brilliance {unknown}
 v - a potion of flight {unknown}


   Skills:
 + Level 3.5 Fighting
 * Level 5.8 Long Blades
 - Level 2.0 Throwing
 + Level 5.2 Dodging


You had 4 spell levels left.
You didn't know any spells.
Your spell library contained the following spells:

 Spells                   Type           Power      Damage    Failure   Level
 Apportation              Tloc           0%         N/A       38%         1
 Sublimation of Blood     Necr           0%         N/A       52%         2
 Wereblood                Tmut           0%         N/A       52%         2
 Ozocubu's Armour         Ice            0%         N/A       77%         3
 Alistair's Intoxication  Tmut/Pois      0%         N/A       100%        5
 Metabolic Englaciation   Hex/Ice        0%         N/A       100%        5
 Simulacrum               Ice/Necr       0%         N/A       100%        6
 Summon Hydra             Summ           0%         N/A       100%        7


Dungeon Overview and Level Annotations

Branches:
Dungeon (4/15)
 Temple: D:4-7

Altars:
Ru
The Shining One

Shops:
D:1 :


Innate Abilities, Weirdness & Mutations

((You are very nimble when in or above water. (Stealth+, EV+, Speed+++)))
Your lower body shifts to a powerful aquatic tail in water.


Message History

The orc warrior throws a boomerang.
The boomerang closely misses you.
The orc wizard hits you but does no damage.
The orc warrior misses you.
You closely miss the orc wizard.
The orc wizard hits you but does no damage.
The orc warrior hits you from afar with a +0 trident!
You closely miss the orc wizard. The orc wizard closely misses you.
The orc warrior closely misses you.
You slash the orc wizard!
The orc wizard is severely wounded.
The orc wizard closely misses you.
The orc warrior hits you from afar with a +0 trident!
You closely miss the orc wizard.
The orc wizard is severely wounded.
The orc wizard hits you but does no damage.
The orc warrior barely misses you.
You hit the orc wizard.
The orc wizard is severely wounded.
The orc wizard gestures at you while chanting.
The magic dart hits you.
The orc warrior hits you from afar with a +0 trident!
* * * LOW HITPOINT WARNING * * *
You hit the orc wizard but do no damage.
The orc wizard is severely wounded.
The orc wizard misses you.
The orc warrior hits you from afar with a +0 trident.
* * * LOW HITPOINT WARNING * * *
You slash the orc wizard!
You kill the orc wizard!
The orc warrior hits you but does no damage.
The orc warrior hits you from afar with a +0 trident.
* * * LOW HITPOINT WARNING * * *
The orc hits you with a +0 hand axe.
* * * LOW HITPOINT WARNING * * *
You slash the orc!
You kill the orc!
The orc warrior barely misses you.
You closely miss the orc. The orc closely misses you.
The orc warrior hits you from afar with a +0 trident.
You die...

#.###.#.........
##.#
#...########
#..###......#
#†#...#####.#
#[##..# )#
#.##.## # #.##.#
## #.##.# #.o
#@##.#
###...##o##.#
#...o..og##.#
#...o..oo....#
#..............
###..?#........
#..(#.#......
#.....#......
### ###......


You could see an orc warrior, 3 orcs and a hobgoblin.

Vanquished Creatures
  A hound (D:4)
  An orc wizard (D:4)
  6 adders
  2 worms
  3 dart slugs
  An orc (D:4)
  5 ball pythons
  5 endoplasms
  7 goblins
  5 hobgoblins
  7 jackals
  2 quokkas
  4 bats
  A frilled lizard (D:2)
  5 kobolds
  4 rats
59 creatures vanquished.

Notes
Turn   | Place    | Note
-------+----------+-------------------------------------------
     0 | D:1      | boo the Merfolk Gladiator began the quest for the Orb.
     0 | D:1      | Reached XP level 1. HP: 16/16 MP: 1/1
    34 | D:1      | Found a faded altar of an unknown god.
    56 | D:1      | Identified the +1 ring mail "Doloerheylo" {-Tele rPois
                  | Int+5 Slay+5}
   448 | D:1      | Reached XP level 2. HP: 17/23 MP: 2/2
   708 | D:1      | Found Kicsam's Book Shoppe.
   826 | D:1      | Reached XP level 3. HP: 28/28 MP: 3/3
  1448 | D:2      | Reached XP level 4. HP: 34/34 MP: 4/4
  1917 | D:3      | Reached skill level 5 in Long Blades
  1963 | D:3      | Found a glowing golden altar of the Shining One.
  2088 | D:3      | Found a sacrificial altar of Ru.
  2433 | D:4      | Reached skill level 5 in Dodging
  2433 | D:4      | Reached XP level 5. HP: 41/41 MP: 5/5
  2664 | D:4      | Noticed an orc warrior
  2680 | D:4      | HP: 2/41 [orc/+0 hand axe (1)]
  2682 | D:4      | Slain by an orc warrior

Illustrated notes

Levels and vault maps discovered:
D:1:      tarquinn_simple_flora_water_b, layout_basic,
          hellmonk_ecumenical_altar_lost_god, serial_shops, shop
D:2:      layout_loops_corners
D:3:      layout_loops_ring, mainiacjoe_overflow_brackets, tso_oasis_becter,
          minivault_14
D:4:      layout_loops_ring, nicolae_qazlal_eye_of_the_storm,
          gammafunk_ghost_grave

Skill      XL: |  1  2  3  4 |
---------------+-------------+-----
Long Blades    | 4 5 |  5.8
Fighting       | 3 |  3.5
Dodging        | 5 |  5.2
Throwing       | |  2.0

Action                     |  1- 3 |  4- 6 || total
---------------------------+-------+-------++-------
  Melee: Long sword        |    69 |    60 ||   129
    Use: Scroll            |       |     4 ||     4
 Armour: Ring mail         |    30 |    23 ||    53
         Leather armour    |     1 |       ||     1
  Dodge: Dodged            |    36 |    43 ||    79

Table legend: (Time is in decaauts)
 A = Elapsed time spent in this place.
 B = Non-inter-level travel time spent in this place.
 C = Inter-level travel time spent in this place.
 D = Time resting spent in this place.
 E = Time spent auto-exploring this place.
 F = Levels seen in this place.
 G = Mean time per level.
                   A        B        C        D        E       F      G
               +--------+--------+--------+--------+--------+-----+--------+
         Total |   2694 |   2617 |     77 |    130 |   2119 |   4 |  673.5 |
       Dungeon |   2694 |   2617 |     77 |    130 |   2119 |   4 |  673.5 |
               +--------+--------+--------+--------+--------+-----+--------+

Top non-repeatable levels by time:
     D:1: 936 daAuts
     D:2: 864 daAuts
     D:3: 638 daAuts
     D:4: 255 daAuts
